 Dungeon Crawl Stone Soup version 0.32-a0-868-g153ae1a8d6 (webtiles) character file.

Game seed: 13422008291273907926

16062 Ruich the Grappler (level 12, -3/135 HPs)
             Began as a Troll Chaos Knight on Mar 28, 2024.
             Was a Plaything of Xom.
             Slain by a nine-headed hydra (7 damage)
             ... on level 2 of the Lair of Beasts.
             The game lasted 00:32:03 (9733 turns).

Ruich the Grappler (Troll Chaos Knight)             Turns: 9733, Time: 00:32:03

Health: -3/135     AC:  9    Str: 19    XL:     12   Next: 6%
Magic:  11/11      EV:  8    Int:  3    God:    Xom [..*...]
Gold:   478        SH: 14    Dex: 13    Spells: 11/11 levels left

rFire   . .          .
                       - Unarmed
rCold   . . .        C - +0 kite shield
rNeg    . . .        a - +2 robe
rPois   +            (helmet restricted)
rElec   +            f - +2 cloak "Acuus Lel" {rElec rPois Str-4 Int-5}
rCorr   .            (gloves unavailable)
SInv    .            (boots unavailable)
Will    +....        j - amulet of regeneration
Stlth   +            o - ring of flight
HPRegen 2.02/turn    r - ring of willpower
MPRegen 0.12/turn

%: random rage (3%)
@: flying, hasted, very quick
A: large, unfitting armour, claws 3, regeneration 1, shaggy fur 1, tough skin 1,
large bone plates 1, berserk 1, robust 1, wild magic 2, no potion heal 1,
inability to read after injury 1
a: Renounce Religion


You were on level 2 of the Lair of Beasts.
You worshipped Xom.
You were a toy of Xom.
You visited 2 branches of the dungeon, and saw 12 of its levels.
You also visited: Bailey.

You collected 676 gold pieces.
You spent 198 gold pieces at shops.


Innate Abilities, Weirdness & Mutations

You are too large for most types of armour.
You have claws for hands.
Your natural rate of healing is unusually fast.
You are covered in fur. (AC +1)
You have tough skin. (AC +1)
You are partially covered in large bone plates. (SH +4)
You sometimes lose your temper in combat.
You are robust. (+10% HP)
Your spells are harder to cast, but more powerful.
Potions are less effective at restoring your health.
You occasionally lose the ability to read scrolls when taking damage.


   Skills:
 + Level 9.0 Fighting
 + Level 3.6 Throwing
 - Level 1.9 Dodging
 + Level 8.5 Shields
 + Level 13.9 Unarmed Combat


You had 11 spell levels left.
You didn't know any spells.
Your spell library contained the following spells:

 Spells                   Type           Power      Damage    Failure   Level
 Apportation              Tloc           0%         N/A       88%         1
 Freeze                   Ice            0%         1d3       88%         1
 Cigotuvi's Dreadful Rot  Necr/Alch/Air  0%         N/A       95%         2
 Jinxbite                 Hex            0%         N/A       95%         2
 Static Discharge         Conj/Air       0%         3-3/arc   95%         2
 Frozen Ramparts          Ice            0%         1d1       99%         3
 Hailstorm                Conj/Ice       0%         3d5       99%         3
 Summon Ice Beast         Ice/Summ       0%         N/A       99%         3
 Airstrike                Air            0%         2d(0-16)  100%        4
 Animate Armour           Summ/Erth      0%         N/A       100%        4
 Dispel Undead            Necr           0%         3d6       100%        4
 Martyr's Knell           Necr/Summ      0%         N/A       100%        4
 Maxwell's Portable Pile  Tloc           0%         2d(5-10)  100%        4
 Summon Lightning Spire   Summ/Air       0%         N/A       100%        4
 Alistair's Intoxication  Alch           0%         N/A       100%        5
 Arcjolt                  Conj/Air       0%         1d10      100%        5
 Lee's Rapid Deconstruct  Erth           0%         3d4*      100%        5
 Permafrost Eruption      Ice/Erth       0%         2x4d2     100%        6
 Sculpt Simulacrum        Ice/Alch       0%         N/A       100%        6
 Maxwell's Capacitive Co  Air            0%         ∞         100%        8

Inventory:

Missiles
 d - 3 large rocks (quivered) {=f}
 N - a curare-tipped dart {=f}
 O - a boomerang
 P - a javelin
 Q - 12 poisoned darts
Armour
 a - a +2 robe (worn)
 f - the +2 cloak "Acuus Lel" (worn) {rElec rPois Str-4 Int-5}
   (You acquired it on level 9 of the Dungeon)

   Str-4:     It affects your strength (-4).
   Int-5:     It affects your intelligence (-5).
   rElec:     It insulates you from electricity.
   rPois:     It protects you from poison.
 C - a +0 kite shield (worn)
 F - a +1 cloak of willpower
Magical Staves
 k - a staff of earth {!a}
 W - a staff of air {!a}
Jewellery
 j - an amulet of regeneration (around neck)
 o - a ring of flight (left claw)
 r - a ring of willpower (right claw)
 u - a +6 ring of intelligence
 x - an amulet of the acrobat
 K - a +6 ring of intelligence
Wands
 n - a wand of flame (20)
 q - a wand of polymorph (7)
 t - a wand of charming (13)
 D - a wand of mindburst (24)
 I - a wand of digging (9)
 T - a wand of iceblast (11)
Scrolls
 b - a scroll of butterflies
 g - 4 scrolls of immolation
 h - 3 scrolls of teleportation {@r2}
 m - a scroll of revelation
 s - 4 scrolls of vulnerability
 v - 3 scrolls of silence {!r}
 y - 2 scrolls of amnesia
 E - a scroll of identify {@r1}
 G - a scroll of brand weapon
 H - a scroll of enchant armour
 R - a scroll of poison
 U - a scroll of noise {unknown}
 V - a scroll of blinking {unknown}
Potions
 e - 3 potions of enlightenment
 i - a potion of magic
 l - 2 potions of curing {@q1}
 p - 4 potions of might
 w - 2 potions of invisibility
 z - a potion of cancellation
 A - 3 potions of attraction
 B - 3 potions of mutation
 J - a potion of ambrosia {unknown}
 L - a potion of haste {@q3}
 M - a potion of lignification {unknown}

Dungeon Overview and Level Annotations

Branches:
Dungeon (10/15) Zot: 25912  Temple (0/1) D:7            Lair (2/5) D:10 Zot: 10637
    Orc (0/2) D:10         Bailey (visited)
  Swamp: Lair:2-3    Shoals: Lair:2-3     Snake: Lair:2-3    Spider: Lair:2-3

Altars:
Nemelex Xobeh
Qazlal

Shops:
D:2

[ ...#. ..... #
..[..
#####.##...##
#.#.##......#
##S♣YY#..#..#..
#.Y.Y.#.......#.
#♣F@DFYF..♣.....
#..FFY#.........
#..♣S#...#..#[##
#.#######.....#
## .#.+#.# # ..#
# .... ...# .♣..


You could see a nine-headed hydra (ally target), 3 blink frogs, a water
moccasin, 6 friendly yaks, 2 friendly cane toads and a friendly water moccasin
(summoned).


Message History

The nine-headed hydra bites you but does no damage.
The nine-headed hydra closely misses you.
The blink frog completely misses you.
* * * LOW HITPOINT WARNING * * *
Unknown command.
The blink frog barely misses you.
The nine-headed hydra attacks as it pursues you!
The nine-headed hydra bites you.
* * * LOW HITPOINT WARNING * * *
The nine-headed hydra bites you but does no damage.
You block the nine-headed hydra's attack. x3
The nine-headed hydra barely misses you. x2
The nine-headed hydra bites you!
* * * LOW HITPOINT WARNING * * *
The nine-headed hydra bites you!
* * * LOW HITPOINT WARNING * * *
There is a stone staircase leading up, spattered with blood here.
Unknown command.
Your system partially rejects the healing.
You feel much better. The blink frog barely misses you.
Unknown command.
As you read the scroll of summoning, it crumbles to dust.
Wisps of shadow whirl around you...
You block the nine-headed hydra's attack.
The nine-headed hydra bites you.
* * * LOW HITPOINT WARNING * * *
The nine-headed hydra bites you!
* * * LOW HITPOINT WARNING * * *
The nine-headed hydra bites you!
You die...

Skill      XL: |  1  2  3  4  5  6  7  8  9 10 11 12 |
---------------+-------------------------------------+-----
Unarmed Combat | 4 5 6 7 9 11 12 13 | 13.9
Fighting       | 3 4 5 6 7 8 9 |  9.0
Shields        | 2 4 5 7 8 |  8.5
Throwing       | 3 |  3.6
Dodging        | |  1.9

Action                     |  1- 3 |  4- 6 |  7- 9 | 10-12 || total
---------------------------+-------+-------+-------+-------++-------
  Melee: Unarmed           |    82 |   159 |   167 |   514 ||   922
         Punch             |     2 |     4 |       |       ||     6
  Throw: Large rock        |       |       |       |     2 ||     2
    Use: Scroll            |       |    11 |    10 |     7 ||    28
         Potion            |       |       |     2 |     2 ||     4
   Stab: Sleeping          |     1 |       |     1 |     1 ||     3
         Distracted        |       |       |     1 |       ||     1
         Confused          |       |       |       |     1 ||     1
 Armour: Robe              |    47 |   109 |    91 |   271 ||   518
  Dodge: Dodged            |    31 |    70 |    36 |   107 ||   244
  Block: Kite shield       |       |     5 |   114 |   360 ||   479
         Other             |       |     3 |       |       ||     3

Levels and vault maps discovered:
D:1:      matt_arrival_spirals, layout_rooms, nicolae_kite_square_tiling_tiny,
          bh_walls_and_bars
D:2:      layout_basic, serial_rivers, chequers_serial_rivers_large_a,
          chequers_serial_rivers_micro_d, chequers_serial_rivers_marsh,
          chequers_serial_rivers_large_b, chequers_serial_rivers_small_b,
          basic_altar, serial_shops, nicolae_shop_tiny_glass,
          minmay_misc_feat_four_crosses, uniq_robin
D:3:      layout_basic, basic_ecumenical_altar
D:4:      layout_cave_pools
D:5:      layout_loops_ring
D:6:      layout_basic, uniq_duvessa, uniq_eustachio
D:7:      kennysheep_big_flooded_room, layout_basic,
          minmay_temple_entry_mini_moons
D:8:      bobbens_index_wilting_gardens, layout_basic, grunt_ministairs_1,
          minmay_fountain_box, uniq_joseph
D:9:      layout_irregular_city, kennysheep_mini, enter_bailey_4
D:10:     layout_roguey, erik_lair_orcish_takeover,
          kennysheep_orc_monster_closet_entryway
Lair:1:   layout_layer_cave, dreamdust_mushroom_princess
Lair:2:   layout_big_grid, nicolae_snake_entry_warm_welcome,
          pdpol_lair_cavern_descent, grunt_megastairs_1, uniq_fannar

Notes
Turn   | Place    | Note
-------+----------+-------------------------------------------
     0 | D:1      | Ruich the Troll Chaos Knight began the quest for the Orb.
     0 | D:1      | Reached XP level 1. HP: 22/22 MP: 0/0
   159 | D:1      | XOM: divination: detect creatures
   184 | D:1      | Reached XP level 2. HP: 29/29 MP: 1/1
   241 | D:1      | XOM: silly message
   413 | D:1      | Reached XP level 3. HP: 31/36 MP: 2/2
   652 | D:2      | Found a stormy altar of Qazlal.
   659 | D:2      | Reached skill level 4 in Unarmed Combat
   746 | D:2      | Noticed Robin
   756 | D:2      | Reached skill level 3 in Fighting
   760 | D:2      | Reached XP level 4. HP: 43/45 MP: 3/3
   799 | D:2      | Killed Robin
   856 | D:2      | Found Lusseh's Armour Boutique.
  1635 | D:3      | Reached skill level 5 in Unarmed Combat
  1635 | D:3      | Reached XP level 5. HP: 51/53 MP: 4/4
  1680 | D:3      | XOM is BORED!
  1689 | D:3      | Noticed an ice beast
  1691 | D:3      | XOM: silly message
  1713 | D:3      | XOM: summons 5 friendly demons
  1716 | D:3      | Killed an ice beast
  1721 | D:3      | Reached XP level 6. HP: 60/62 MP: 5/5
  2000 | D:3      | Found a faded altar of an unknown god.
  2041 | D:3      | Reached skill level 6 in Unarmed Combat
  2349 | D:4      | XOM: give mutations
  2349 | D:4      | Gained mutation: Your spells are a little harder to cast,
                  | but a little more powerful. [Xom's grace]
  2349 | D:4      | Gained mutation: You are agile. (Dex +4, Str/Int -1) [Xom's
                  | grace]
  2349 | D:4      | Gained mutation: Your spells are harder to cast, but more
                  | powerful. [Xom's grace]
  2349 | D:4      | Gained mutation: You are partially covered in large bone
                  | plates. (SH +4) [Xom's grace]
  2606 | D:4      | XOM: torment (32/62 hp)
  2647 | D:5      | Entered Level 5 of the Dungeon
  2669 | D:5      | XOM: god gift: scroll of teleportation
  2743 | D:5      | Reached skill level 4 in Fighting
  2916 | D:5      | Identified the +6 spear of Conscience {freeze, rF+ Will+
                  | Int+3}
  3080 | D:5      | XOM: torment (32/62 hp)
  3256 | D:6      | XOM: stat loss: -1 Str (19/20)
  3322 | D:2      | Bought a +1 cloak of willpower for 198 gold pieces
  3394 | D:6      | Reached XP level 7. HP: 70/70 MP: 6/6
  3401 | D:6      | Reached skill level 1 in Shields
  3411 | D:6      | Reached skill level 7 in Unarmed Combat
  3461 | D:6      | Noticed Eustachio
  3473 | D:6      | Killed Eustachio
  3474 | D:6      | Reached skill level 2 in Shields
  3532 | D:6      | Noticed Dowan
  3533 | D:6      | Noticed Duvessa
  3549 | D:6      | Killed Duvessa
  3552 | D:6      | Killed Dowan
  3553 | D:6      | Reached XP level 8. HP: 78/79 MP: 7/7
  3871 | D:6      | Reached skill level 5 in Fighting
  3871 | D:6      | Reached skill level 8 in Unarmed Combat
  3891 | D:6      | XOM: torment (41/80 hp)
  4017 | D:7      | Reached skill level 3 in Shields
  4143 | D:7      | Noticed a troll
  4143 | D:7      | Noticed a cyclops
  4155 | D:7      | XOM: snakes to sticks
  4167 | D:7      | XOM: cast spell 'Dispersal'
  4179 | D:7      | Killed a cyclops
  4180 | D:7      | Reached skill level 4 in Shields
  4180 | D:7      | Reached skill level 9 in Unarmed Combat
  4184 | D:7      | Killed a troll
  4185 | D:7      | Reached XP level 9. HP: 13/89 MP: 8/8
  4212 | D:7      | XOM: potion effect (brilliance)
  4277 | D:7      | XOM: potion effect (berserk rage)
  4279 | D:7      | XOM: cast spell 'Leda's Liquefaction'
  4282 | D:7      | Found a staircase to the Ecumenical Temple.
  4286 | D:7      | Reached skill level 6 in Fighting
  4286 | D:7      | XOM: enchant monster (good)
  4300 | D:7      | Reached skill level 10 in Unarmed Combat
  4305 | D:7      | XOM: summons friendly ufetubus
  4337 | D:7      | Reached skill level 5 in Shields
  4681 | D:8      | Noticed Joseph
  4690 | D:8      | Killed Joseph
  4693 | D:8      | Reached skill level 11 in Unarmed Combat
  4731 | D:8      | Reached XP level 10. HP: 94/100 MP: 9/9
  4742 | D:8      | XOM: give mutations
  4742 | D:8      | Gained mutation: Potions are less effective at restoring
                  | your health. [Xom's mischief]
  4742 | D:8      | Gained mutation: You occasionally lose the ability to read
                  | scrolls when taking damage. [Xom's mischief]
  4742 | D:8      | Gained mutation: You sometimes lose your temper in combat.
                  | [Xom's mischief]
  4937 | D:8      | XOM: noise
  5044 | D:8      | XOM: divine lightning
  5057 | D:8      | Reached skill level 7 in Fighting
  5063 | D:8      | Reached skill level 6 in Shields
  5136 | D:8      | Identified the +0 rapier of the Final Decision {flame,
                  | Dex+5 Stlth+}
  5280 | D:8      | XOM: give mutation
  5280 | D:8      | Gained mutation: You are partially covered in iridescent
                  | scales. (AC +2) [Xom's mischief]
  5294 | D:8      | XOM: noise
  5596 | D:8      | XOM: draining
  5655 | D:8      | Reached skill level 12 in Unarmed Combat
  5847 | D:9      | XOM: stealth player
  5869 | D:9      | XOM: smoke on damage
  5897 | D:9      | Noticed a two-headed ogre
  5907 | D:9      | Killed a two-headed ogre
  5942 | D:9      | XOM: give mutations
  5942 | D:9      | Lost mutation: You are agile. (Dex +4, Str/Int -1) [Xom's
                  | mischief]
  5942 | D:9      | Lost mutation: You are partially covered in iridescent
                  | scales. (AC +2) [Xom's mischief]
  5942 | D:9      | Gained mutation: You are robust. (+10% HP) [Xom's mischief]
  5943 | D:9      | Found a flagged portal.
  5957 | Bailey   | Entered a bailey
  6069 | Bailey   | XOM: enchant monster (bad)
  6081 | Bailey   | Reached skill level 7 in Shields
  6151 | Bailey   | Noticed a gargoyle
  6166 | Bailey   | Killed a gargoyle
  6167 | Bailey   | Reached XP level 11. HP: 93/121 MP: 10/10
  6468 | Bailey   | Identified the +3 scale mail of Beloved the Leaf {+Inv rC++
                  | rN+ Stlth-}
  6846 | D:9      | XOM: 1-stop teleportation journey
  6932 | D:9      | Found a sparkling altar of Nemelex Xobeh.
  7261 | D:9      | Identified a scroll of acquirement
  7265 | D:9      | Acquired the +2 cloak "Acuus Lel" {rElec rPois Str-4 Int-5}
  7341 | D:10     | Entered Level 10 of the Dungeon
  7341 | D:10     | Found a staircase to the Lair.
  7473 | D:10     | Reached skill level 13 in Unarmed Combat
  7474 | D:10     | XOM: blink monster(s)
  7478 | D:10     | Reached skill level 8 in Fighting
  7591 | D:10     | XOM: noise
  7902 | D:1      | XOM is BORED!
  7902 | D:1      | XOM: noise
  8059 | D:10     | XOM: enchant monster (good)
  8082 | D:10     | XOM: noise
  8174 | D:10     | XOM: god gift: rapier {god gift}
  8180 | D:10     | Found a staircase to the Orcish Mines.
  8191 | D:10     | Noticed a two-headed ogre
  8197 | D:10     | Killed a two-headed ogre
  8200 | D:10     | Reached skill level 1 in Throwing
  8397 | Lair:1   | Entered Level 1 of the Lair of Beasts
  8543 | Lair:1   | XOM: summons friendly shadow imp
  8569 | Lair:1   | XOM: confuse monster(s)
  8579 | Lair:1   | Reached skill level 2 in Throwing
  8590 | Lair:1   | Reached skill level 8 in Shields
  8640 | Lair:1   | XOM: potion effect (might)
  8646 | Lair:1   | XOM: enchant monster (good)
  8659 | Lair:1   | Reached skill level 3 in Throwing
  8680 | Lair:1   | XOM: silly message
  9051 | Lair:1   | XOM: noise
  9054 | Lair:1   | Reached XP level 12. HP: 134/134 MP: 11/11
  9134 | Lair:1   | Reached skill level 9 in Fighting
  9303 | Lair:1   | Identified the +10 war axe of Muez {flame, rN+ Stlth+}
  9634 | Lair:1   | XOM: god gift: staff of air
  9718 | Lair:2   | Noticed an eight-headed hydra
  9731 | Lair:2   | HP: 5/135 [nine-headed hydra (10)]
  9733 | Lair:2   | Slain by a nine-headed hydra

Vanquished Creatures
  2 two-headed ogres
  A cyclops (D:7)
  Joseph (D:8)
  5 elephants (Lair:1)
  A black mamba (Lair:1)
  A gargoyle (Bailey)
  2 rime drakes (Lair:1)
  2 komodo dragons (Lair:1)
  2 trolls
  3 blink frogs (Lair:1)
  A shadow (D:10)
  2 wraiths
  A vampire (Bailey)
  A steam dragon (D:9)
  A wyvern (D:9)
  12 yaks
  Eustachio (D:6)
  A warg (D:10)
  6 water moccasins
  Duvessa (D:6)
  6 orc warriors
  2 black bears (D:8)
  An ice beast (D:3)
  A sky beast (D:8)
  5 ogres
  8 wolves
  3 centaurs
  6 phantoms (D:8)
  A kobold brigand (D:10)
  3 bullfrogs
  A gnoll sergeant (D:10)
  7 scorpions
  16 wights
  Dowan (D:6)
  7 vampire bats (Bailey)
  A howler monkey (D:7)
  4 wolf zombies (Bailey)
  A bombardier beetle (D:5)
  4 orc priests
  A centaur zombie (D:8)
  5 hounds
  3 iguanas
  5 orc wizards
  5 sleepcaps (D:8)
  4 scorpion zombies (D:8)
  2 killer bee zombies (D:8)
  Robin (D:2)
  8 gnolls
  10 adders
  8 shadow imps (D:8)
  2 white imps
  4 dart slugs
  2 ribbon worms (D:2)
  22 orcs
  4 ball pythons
  7 endoplasms
  4 giant cockroaches
  17 goblins
  9 hobgoblins
  9 jackals
  2 quokkas (D:1)
  A bat (D:1)
  3 frilled lizards
  3 kobolds
  20 orc zombies (Bailey)
  4 rats
290 creatures vanquished.

Vanquished Creatures (collateral kills)
  A water moccasin (D:8)
  A bullfrog (D:8)
  A bombardier beetle (D:7)
  A sleepcap (D:8)
  A gnoll (D:7)
  An orc (D:10)
6 creatures vanquished.

Vanquished Creatures (others)
  A yak (D:7)
  A phantom (D:8)
2 creatures vanquished.

Grand Total: 298 creatures vanquished

Table legend: (Time is in decaauts)
 A = Elapsed time spent in this place.
 B = Non-inter-level travel time spent in this place.
 C = Inter-level travel time spent in this place.
 D = Time resting spent in this place.
 E = Time spent auto-exploring this place.
 F = Levels seen in this place.
 G = Mean time per level.
                   A        B        C        D        E       F      G
               +--------+--------+--------+--------+--------+-----+--------+
         Total |   9817 |   8990 |    827 |    690 |   5929 |  13 |  755.2 |
       Dungeon |   7839 |   7042 |    797 |    329 |   4790 |  10 |  783.9 |
          Lair |   1361 |   1331 |     30 |     90 |   1059 |   2 |  680.5 |
        Bailey |    616 |    616 |      0 |    270 |     80 |   1 |  616.0 |
               +--------+--------+--------+--------+--------+-----+--------+

Top non-repeatable levels by time:
  Lair:1: 1335 daAuts
     D:8: 1242 daAuts
     D:9: 1027 daAuts
     D:2: 935 daAuts
     D:3: 770 daAuts
     D:7: 731 daAuts
     D:1: 727 daAuts
     D:6: 690 daAuts
     D:5: 642 daAuts
  Bailey: 616 daAuts
    D:10: 580 daAuts
     D:4: 492 daAuts
  Lair:2: 26 daAuts

Table legend:
 A = Non-vault XP
 B = Vault XP
 C = Vault XP percentage of total XP
 D = Non-vault monster count
 E = Vault monster count
 F = Vault count percentage of total count
                 A         B        C        D         E       F
            +---------+---------+-------+---------+---------+-------
      Total |   14895 |    8052 |  35.1 |     174 |     123 |  41.4
            +---------+---------+-------+---------+---------+-------
        D:1 |      50 |       0 |   0.0 |      24 |       0 |   0.0
        D:2 |      93 |      33 |  26.2 |      24 |      11 |  31.4
        D:3 |     274 |       0 |   0.0 |      21 |       0 |   0.0
        D:4 |      59 |       0 |   0.0 |       5 |       0 |   0.0
        D:5 |     174 |       0 |   0.0 |       6 |       0 |   0.0
        D:6 |     554 |     402 |  42.1 |      13 |       3 |  18.8
        D:7 |    2084 |     846 |  28.9 |      24 |       2 |   7.7
        D:8 |     378 |    3375 |  89.9 |       6 |      42 |  87.5
        D:9 |    2470 |      12 |   0.5 |      16 |       5 |  23.8
       D:10 |    1444 |    1902 |  56.8 |       7 |      26 |  78.8
     Lair:1 |    7315 |       0 |   0.0 |      28 |       0 |   0.0
     Lair:2 |       0 |      88 | 100.0 |       0 |       1 | 100.0
     Bailey |       0 |    1394 | 100.0 |       0 |      33 | 100.0
            +---------+---------+-------+---------+---------+-------
